 Dungeon Crawl Stone Soup version 0.31.0-32-g396128a36d (webtiles) character file.

Game seed: 3278631232408946121

4945 hawla the Protected (level 10, -9/76 (77) HPs)
             Began as a Minotaur Fighter on Mar 12, 2024.
             Was an Initiate of Yredelemnul.
             Mangled by a wight
             ... wielding a +0 morningstar of protection
              (11 damage)
             ... on level 9 of the Dungeon.
             The game lasted 00:28:43 (8015 turns).

hawla the Protected (Minotaur Fighter)              Turns: 8015, Time: 00:28:44

HP:   -9/76 (77)    AC: 18    Str: 26    XL:     10   Next: 28%
MP:   10/11         EV:  8    Int:  5    God:    Yredelemnul [......]
Gold: 0             SH:  5    Dex:  9    Spells: 9/9 levels left

rFire   + . .        a - +1 war axe
rCold   + . .        c - +1 buckler
rNeg    . . .        h - +0 plate armour
rPois   .            (helmet restricted)
rElec   .            i - scarf {rC+ rF+}
rCorr   .            (no gloves)
SInv    .            n - +1 pair of boots
Will    .....        g - amulet of faith Stlth
                     (no ring)
HPRegen 0.32/turn    (no ring)
MPRegen 0.12/turn

%: faith
@: lightly drained
A: horns 2, retaliatory headbutt, low MP 1
a: Renounce Religion, Recall Undead Harvest


You were on level 9 of the Dungeon.
You worshipped Yredelemnul.
Yredelemnul was noncommittal.
You visited 2 branches of the dungeon, and saw 10 of its levels.
You also visited: Sewer and Bailey.

You collected 936 gold pieces.
You spent 936 gold pieces at shops.

Inventory:

Hand Weapons
 a - a +1 war axe (weapon)
 f - a +0 broad axe
Missiles
 e - a curare-tipped dart
 k - a poisoned dart (quivered)
Armour
 c - a +1 buckler (worn)
 h - a +0 plate armour (worn)
 i - a scarf of resistance (worn)
 n - a +1 pair of boots (worn)
Jewellery
 g - an amulet of faith (around neck)
Wands
 m - a wand of iceblast (1)
Potions
 b - 3 potions of enlightenment


   Skills:
 - Level 3.6 Fighting
 - Level 2.4 Axes
 - Level 6.0 Throwing
 - Level 14.0 Armour
 - Level 3.0 Dodging
 - Level 5.0 Shields
 + Level 5.5 Invocations
 - Level 3.0 Evocations


You had 9 spell levels left.
You didn't know any spells.
Your spell library was empty.

Dungeon Overview and Level Annotations

Branches:
Dungeon (9/15)             Temple (1/1) D:6           Sewer (visited)
 Bailey (visited)
   Lair: D:8-11         Orc: D:9-12

Altars:
Ashenzari
Cheibriados
Dithmenos
Elyvilon
Fedhas
Gozag
Hepliaklqana
Kikubaaqudgha
Makhleb
Nemelex Xobeh
Okawaru
Qazlal
Ru
Sif Muna
Trog
Uskayaw
Vehumet
Wu Jian
Xom
Yredelemnul
Zin
The Shining One

Shops:
D:5 *

Annotations:
D:7 Maurice


Innate Abilities, Weirdness & Mutations

You have a pair of horns on your head.
You reflexively headbutt those who attack you in melee.
Your magical capacity is low. (-10% MP)


Message History

You throw a poisoned dart.
The poisoned dart closely misses the orc warrior.
Throw: 3 darts (poison)
Press: ? - help, Q - select action, (/) - cycle Shift-Dir - straight line, f/p - orc warrior
Aim: an orc warrior, wielding a +0 orcbow and wearing a +0 chain mail (52% to hit)
You throw a poisoned dart.
The poisoned dart closely misses the orc warrior.
The orc warrior shoots an arrow.
The arrow hits you but does no damage.
You aren't carrying any scrolls.
Aiming: Iceblast
Press: ? - help, Shift-Dir - straight line, f - you, p - orc warrior
Okay, then.
The orc warrior shoots an arrow.
The arrow hits you.
* * * LOW HITPOINT WARNING * * *
There is a stone staircase leading down here.
Throw: 2 darts (poison)
Press: ? - help, Q - select action, (/) - cycle Shift-Dir - straight line, f/p - orc warrior
Aim: an orc warrior, wielding a +0 orcbow and wearing a +0 chain mail (52% to hit)
You throw a poisoned dart.
The poisoned dart completely misses the orc warrior.
An orc wizard comes into view. It is wielding a +0 dagger.
The orc warrior shoots an arrow.
You block the arrow.
Unknown command.
The orc warrior shoots an arrow.
The arrow hits you but does no damage.
You climb downwards.
The wight closely misses you.
The wight hits you but does no damage. x2
There is a stone staircase leading up here.
You aren't carrying any scrolls.
Unknown command.
Okay, then.
You barely miss the wight. You slash the wight! You hit the wight.
You block the wight's attack.
The wight hits you with a +0 short sword!
* * * LOW HITPOINT WARNING * * *
The wight hits you with a +2 long sword.
* * * LOW HITPOINT WARNING * * *
You feel drained.
The wight hits you with a +0 morningstar of protection!
You die...
Your body rises from the dead as a mindless zombie.

#........
#........#
#........#
#........#
.######........#
................
........z.......
.......@z.......
......zz<.......
................
......##########
...... ......
..... #+###


You could see 4 wights.

Vanquished Creatures
  The ghost of seawaffle the Chopper, a novice DsFi of Okawaru (D:4)
  Grinder (D:5)
  Prince Ribbit (D:7)
  6 yaks (D:5)
  Menkaure (D:5)
  Duvessa (D:7)
  Pargi (Sewer)
  2 ice beasts
  2 black bears
  An ogre (D:4)
  8 orc warriors
  2 kobold brigands
  A brain worm (Sewer)
  A gnoll sergeant (D:8)
  5 scorpions
  2 bullfrogs (D:6)
  A wight (D:8)
  Dowan (D:7)
  2 howler monkeys (D:4)
  A crimson imp (D:6)
  2 bombardier beetles (D:5)
  A jelly (D:5)
  4 orc priests
  4 hounds
  A sleepcap (D:6)
  3 iguanas
  7 orc wizards
  15 gnolls
  8 adders
  A river rat (D:5)
  A shadow imp (D:3)
  2 white imps (D:6)
  2 ufetubi (D:6)
  3 dart slugs
  16 orcs
  6 endoplasms
  4 giant cockroaches
  6 goblins
  12 hobgoblins
  2 jackals (D:4)
  28 kobolds
  5 quokkas
  8 ball pythons
  4 bats
  7 frilled lizards
  2 rats
195 creatures vanquished.

Vanquished Creatures (collateral kills)
  A jelly (D:7)
  An orc zombie (D:7)
2 creatures vanquished.

Vanquished Creatures (others)
  A scorpion (D:5)
  An elf zombie (D:7)
  2 gnoll zombies (D:8)
  A goblin zombie (Bailey)
  A hobgoblin zombie (Bailey)
  8 kobold zombies
  6 orc zombies
20 creatures vanquished.

Grand Total: 217 creatures vanquished

Notes
Turn   | Place    | Note
-------+----------+-------------------------------------------
     0 | D:1      | hawla the Minotaur Fighter began the quest for the Orb.
     0 | D:1      | Reached XP level 1. HP: 19/19 MP: 0/0
   100 | D:1      | Reached skill level 1 in Dodging
   275 | D:1      | Reached XP level 2. HP: 21/25 MP: 1/1
   894 | D:2      | Found a white marble altar of Elyvilon.
  1099 | D:2      | Reached XP level 3. HP: 26/31 MP: 2/2
  1728 | D:3      | Reached XP level 4. HP: 16/39 MP: 3/3
  1732 | D:3      | Reached skill level 5 in Shields
  1733 | D:3      | Reached skill level 4 in Armour
  2113 | D:3      | Found a sparkling altar of Nemelex Xobeh.
  2113 | D:3      | Found a radiant altar of Vehumet.
  2114 | D:3      | Found an opulent altar of Gozag.
  2260 | D:4      | Reached skill level 5 in Armour
  2260 | D:4      | Reached XP level 5. HP: 16/45 MP: 4/4
  2285 | D:4      | Reached skill level 6 in Armour
  2409 | D:4      | Reached XP level 6. HP: 51/51 MP: 5/5
  2540 | D:4      | Reached skill level 7 in Armour
  2676 | D:4      | Noticed seawaffle's ghost (novice DsFi)
  2677 | D:4      | Found a transporter.
  2690 | D:4      | Found a transporter.
  2859 | D:3      | Found an iron altar of Okawaru.
  2859 | D:3      | Found an ornate altar of the Wu Jian Council.
  2922 | D:4      | Reached skill level 8 in Armour
  2922 | D:4      | Reached XP level 7. HP: 48/57 MP: 6/6
  3294 | D:4      | Killed seawaffle's ghost
  3295 | D:4      | Reached skill level 9 in Armour
  3362 | D:5      | Entered Level 5 of the Dungeon
  3406 | D:5      | Reached skill level 10 in Armour
  3444 | D:5      | Noticed Menkaure
  3457 | D:5      | Killed Menkaure
  3458 | D:5      | Reached XP level 8. HP: 13/64 MP: 7/7
  3617 | D:5      | Reached skill level 11 in Armour
  3650 | D:5      | Found a glowing drain.
  3655 | Sewer    | Entered a sewer
  3855 | Sewer    | Noticed Pargi
  3866 | Sewer    | Killed Pargi
  4140 | D:5      | Noticed Grinder
  4152 | D:5      | Found Yplu's Neck Hole.
  4153 | D:5      | Gained mutation: You are dopey. (Int -2) [potion of
                  | mutation]
  4153 | D:5      | Gained mutation: You have a pair of large horns on your
                  | head. [potion of mutation]
  4153 | D:5      | Gained mutation: You have hidden genetic potential. [potion
                  | of mutation]
  4154 | D:5      | Lost mutation: You have hidden genetic potential. [potion
                  | of mutation]
  4154 | D:5      | Lost mutation: You have a pair of large horns on your head.
                  | [potion of mutation]
  4154 | D:5      | Lost mutation: You are dopey. (Int -2) [potion of mutation]
  4154 | D:5      | Gained mutation: Your magical capacity is low. (-10% MP)
                  | [potion of mutation]
  4362 | D:5      | Reached skill level 12 in Armour
  4525 | D:5      | Paralysed by Grinder for 3 turns
  4528 | D:5      | Killed Grinder
  4529 | D:5      | Reached skill level 13 in Armour
  4667 | D:5      | Reached XP level 9. HP: 70/70 MP: 7/7
  4679 | D:5      | HP: 3/70 [yak (12)]
  4682 | D:5      | Reached skill level 14 in Armour
  4682 | D:5      | Reached skill level 1 in Evocations
  4860 | D:5      | Reached skill level 1 in Throwing
  5179 | D:6      | Found a sacrificial altar of Ru.
  5202 | D:6      | Found a hide-covered altar of Uskayaw.
  5266 | D:6      | Reached skill level 5 in Throwing
  5383 | D:6      | Found a staircase to the Ecumenical Temple.
  5442 | Temple   | Entered the Ecumenical Temple
  5465 | Temple   | Became a worshipper of Yredelemnul the Dark
  5540 | D:6      | You fall into a shaft and drop 2 floors!
  5569 | D:7      | Noticed Dowan
  5570 | D:7      | Noticed Duvessa
  5579 | D:7      | Killed Dowan
  5590 | D:7      | Your ally Dowan died
  5591 | D:7      | Killed Duvessa
  5782 | D:7      | Reached * piety under Yredelemnul
  5809 | D:7      | Noticed Maurice
  5821 | D:7      | Something stole 8 poisoned darts
  5822 | D:7      | Something stole a +2 battleaxe of flaming
  5824 | D:7      | Something stole 312 gold
  5826 | D:7      | Something stole 56 gold
  5840 | D:7      | Found a flagged portal.
  5840 | D:7      | Noticed Prince Ribbit
  5849 | Bailey   | Entered a bailey
  6094 | Bailey   | Reached skill level 1 in Invocations
  6189 | Bailey   | Reached XP level 10. HP: 19/77 MP: 9/9
  6787 | D:7      | Killed Prince Ribbit
  7469 | D:5      | Bought an amulet of faith for 520 gold pieces
  7469 | D:5      | Bought a scarf of resistance for 416 gold pieces
  7615 | D:7      | Reached ** piety under Yredelemnul
  7701 | D:7      | Reached skill level 5 in Invocations
  7914 | D:7      | Something stole 109 gold
  7952 | D:7      | Found a white marble altar of Elyvilon.
  7955 | D:7      | Found a glowing silver altar of Zin.
  8015 | D:9      | HP: 2/77 [wight/+2 long sword (5)]
  8015 | D:9      | Mangled by a wight

Illustrated notes

Levels and vault maps discovered:
D:1:      lemuel_arrival_river_ford, layout_basic, hex_medium
D:2:      layout_loops_ring, basic_altar, st_stairs_5
D:3:      layout_rooms, nicolae_overflow_hidden_temple, serial_bayou_crossing
D:4:      layout_basic, gammafunk_ghost_arena, nicolae_zen_rock_garden
D:5:      layout_cave_pools, gup_sewer_entry_bowl,
          nicolae_shop_sticking_my_neck_out, uniq_grinder, uniq_menkaure
D:6:      layout_basic, mainiacjoe_overflow_large_starburst,
          minmay_temple_entry_statues, minmay_fire_ice_demons
D:7:      cheibrodos_iron_armory, layout_cave_pods,
          gammafunk_temple_overflow_statue, enter_bailey_4, uniq_duvessa,
          uniq_prince_ribbit1, uniq_maurice
D:8:      layout_cave_pods, uniq_grum, uniq_psyche
D:9:      layout_irregular_city, uniq_erolcha, uniq_amaemon, uniq_pikel
Temple:   nicolae_temple_bog_church

Skill      XL: |  1  2  3  4  5  6  7  8  9 10 |
---------------+-------------------------------+-----
Dodging        | 1 3 |  3.0
Shields        | 4 5 |  5.0
Armour         | 5 6 8 10 13 14 | 14.0
Evocations     | 3 |  3.0
Throwing       | 6 |  6.0
Invocations    | 2 5 |  5.5
Fighting       | |  3.6
Axes           | |  2.4

Action                     |  1- 3 |  4- 6 |  7- 9 | 10-12 || total
---------------------------+-------+-------+-------+-------++-------
  Melee: War axe           |    81 |    80 |   234 |   142 ||   537
         Headbutt          |     7 |    15 |    40 |    14 ||    76
         Battleaxe         |       |       |    10 |       ||    10
  Throw: Dart              |       |       |     7 |    15 ||    22
 Invoke: Recall Undead Har |       |       |       |     1 ||     1
  Evoke: Wand              |       |       |     1 |     4 ||     5
    Use: Scroll            |     3 |     1 |    13 |     1 ||    18
         Potion            |       |     1 |     8 |     3 ||    12
 Armour: Scale mail        |    52 |       |       |       ||    52
         Chain mail        |    19 |    50 |   384 |    12 ||   465
         Plate armour      |       |       |       |   169 ||   169
  Dodge: Dodged            |    51 |    55 |   194 |    57 ||   357
  Block: Buckler           |    19 |    26 |    85 |    46 ||   176
